[ AOE2 MATCH · #506174339 ]
UnrankedByzantines vs Berbers
Player's team · WIN
Rival team · LOSS
[ REPLAY ANALYSIS · EXTRACTED FROM THE RECORDED GAME ]
Feudal
13:05
Castle
18:49
Imperial
—
| APM avg | 58.7 |
| APM peak | 97 |
| eAPM avg | 28.0 |
| Villagers / military | 114 / 40 |
Focus
⚔️ 38.2% · 🌾 61.8%
Monk ×10 · Mangonel ×8 · Spearman ×7 · Militia ×6 · Archer ×4 · Skirmisher ×3
Feudal
12:07
Castle
19:47
Imperial
—
| APM avg | 61.8 |
| APM peak | 127 |
| eAPM avg | 35.3 |
| Villagers / military | 108 / 35 |
Focus
⚔️ 28.0% · 🌾 72.0%
Camel Archer ×14 · Archer ×6 · Knight ×5 · Mangonel ×5 · Scout Cavalry ×4 · Spearman ×1
Match map
Initial resources + every placement click. Lines = walls · curves = elevation contours. ◆ gold · ⬟ stone · ● berries · ✦ relic · ◌ wall gap
Your base· ✓ Closed at 18:49 · 43t walls · no gate
Hackali's base· ✓ Closed at 19:47 · 49t walls · 1 gate(s)
Smoothed initial terrain · ◌ = detected wall gap · hover for details
Inputs per minute
— The_Fury - - Hackali
Build order — The_Fury
First 150 of 269 actions detected
| 0:01 | Create | Villager (Male) |
| 0:01 | Create | Villager (Male) |
| 0:02 | Build | House |
| 0:02 | Create | Villager (Male) |
| 0:03 | Build | House |
| 0:05 | Create | Villager (Male) |
| 0:06 | Create | Villager (Male) |
| 1:15 | Build | Lumber Camp |
| 1:32 | Create | Villager (Male) |
| 1:33 | Create | Villager (Male) |
| 2:00 | Create | Villager (Male) |
| 2:31 | Create | Villager (Male) |
| 2:55 | Create | Villager (Male) |
| 2:55 | Create | Villager (Male) |
| 3:21 | Create | Villager (Male) |
| 3:42 | Build | House |
| 3:47 | Create | Villager (Male) |
| 4:12 | Create | Villager (Male) |
| 4:15 | Build | Barracks |
| 4:35 | Create | Villager (Male) |
| 4:35 | Create | Villager (Male) |
| 4:58 | Build | House |
| 5:07 | Create | Villager (Male) |
| 5:07 | Create | Villager (Male) |
| 5:37 | Create | Militia |
| 5:37 | Create | Militia |
| 5:44 | Build | House |
| 5:46 | Build | Palisade Wall |
| 5:53 | Research | Loom |
| 5:53 | Research | Loom |
| 6:03 | Create | Militia |
| 6:11 | Build | Mill |
| 6:17 | Create | Villager (Male) |
| 6:36 | Create | Militia |
| 6:38 | Create | Villager (Male) |
| 6:54 | Build | Palisade Wall |
| 7:03 | Create | Villager (Male) |
| 7:13 | Create | Villager (Male) |
| 7:40 | Create | Villager (Male) |
| 7:47 | Create | Militia |
| 7:47 | Create | Militia |
| 8:10 | Build | Mill |
| 8:20 | Create | Villager (Male) |
| 8:34 | Build | Palisade Wall |
| 8:43 | Build | House |
| 8:44 | Create | Villager (Male) |
| 8:49 | Create | Villager (Male) |
| 9:22 | Create | Villager (Male) |
| 9:44 | Build | House |
| 9:47 | Create | Villager (Male) |
| 9:59 | Build | Mining Camp |
| 10:20 | Create | Villager (Male) |
| 10:55 | Research | Feudal Age |
| 11:06 | Build | Farm |
| 11:08 | Build | Farm |
| 11:20 | Build | Palisade Wall |
| 11:23 | Build | Palisade Wall |
| 12:11 | Build | Farm |
| 12:59 | Create | Villager (Male) |
| 13:05 | Age | Feudal Age |
| 13:07 | Research | Man-at-Arms (upgrade) |
| 13:07 | Research | Double-Bit Axe |
| 13:08 | Create | Villager (Male) |
| 13:11 | Build | Archery Range |
| 13:14 | Build | Blacksmith |
| 13:16 | Build | House |
| 13:37 | Create | Villager (Male) |
| 13:40 | Build | Farm |
| 13:41 | Build | Farm |
| 13:45 | Build | Farm |
| 13:58 | Create | Villager (Male) |
| 14:04 | Build | Farm |
| 14:05 | Create | Archer |
| 14:21 | Create | Villager (Male) |
| 14:45 | Build | Palisade Wall |
| 14:47 | Build | Outpost |
| 14:51 | Build | Market |
| 14:55 | Create | Villager (Male) |
| 15:03 | Create | Archer |
| 15:03 | Create | Archer |
| 15:24 | Build | Farm |
| 15:36 | Build | Outpost |
| 15:43 | Build | Farm |
| 15:57 | Create | Archer |
| 16:04 | Build | House |
| 16:09 | Research | Castle Age |
| 16:09 | Research | Castle Age |
| 16:25 | Create | Skirmisher |
| 16:40 | Research | Horse Collar |
| 16:46 | Build | House |
| 16:48 | Create | Skirmisher |
| 16:57 | Build | Farm |
| 16:57 | Build | Farm |
| 17:11 | Create | Skirmisher |
| 17:20 | Build | Farm |
| 18:05 | Build | House |
| 18:49 | Age | Castle Age |
| 18:49 | Create | Villager (Male) |
| 18:51 | Build | Siege Workshop |
| 18:52 | Research | Bow Saw |
| 18:53 | Create | Villager (Male) |
| 19:18 | Build | Town Center |
| 19:24 | Create | Villager (Male) |
| 19:32 | Build | Monastery |
| 19:37 | Create | Mangonel |
| 19:48 | Create | Villager (Male) |
| 20:17 | Create | Monk |
| 20:18 | Build | House |
| 20:23 | Create | Mangonel |
| 20:25 | Create | Villager (Male) |
| 20:44 | Create | Villager (Male) |
| 20:44 | Create | Villager (Male) |
| 20:45 | Create | Villager (Male) |
| 20:45 | Create | Villager (Male) |
| 21:12 | Create | Villager (Male) |
| 21:20 | Create | Monk |
| 21:22 | Create | Villager (Male) |
| 21:27 | Create | Villager (Male) |
| 21:28 | Build | Town Center |
| 21:31 | Create | Villager (Male) |
| 21:35 | Create | Spearman |
| 21:35 | Create | Spearman |
| 21:42 | Build | Outpost |
| 21:51 | Create | Villager (Male) |
| 22:05 | Build | Palisade Wall |
| 22:10 | Build | Palisade Wall |
| 22:12 | Create | Spearman |
| 22:19 | Create | Villager (Male) |
| 22:22 | Create | Villager (Male) |
| 22:26 | Build | Lumber Camp |
| 22:28 | Build | Farm |
| 22:28 | Build | Farm |
| 22:28 | Build | Farm |
| 22:28 | Build | Farm |
| 22:28 | Build | Farm |
| 22:32 | Create | Spearman |
| 22:38 | Create | Spearman |
| 22:53 | Create | Villager (Male) |
| 23:00 | Create | Villager (Male) |
| 23:07 | Create | Mangonel |
| 23:12 | Create | Monk |
| 23:13 | Create | Villager (Male) |
| 23:15 | Build | Farm |
| 23:16 | Build | Farm |
| 23:21 | Build | Mining Camp |
| 23:23 | Build | House |
| 23:23 | Build | House |
| 23:24 | Build | House |
| 23:25 | Create | Villager (Male) |
| 23:40 | Create | Spearman |
Build order — Hackali
First 150 of 261 actions detected
| 0:01 | Build | House |
| 0:02 | Build | House |
| 0:04 | Create | Villager (Male) |
| 0:04 | Create | Villager (Male) |
| 0:08 | Create | Villager (Male) |
| 0:13 | Create | Villager (Male) |
| 0:13 | Create | Villager (Male) |
| 1:13 | Create | Villager (Male) |
| 1:45 | Create | Villager (Male) |
| 1:45 | Create | Villager (Male) |
| 1:55 | Build | Lumber Camp |
| 2:18 | Create | Villager (Male) |
| 2:19 | Create | Villager (Male) |
| 2:47 | Create | Villager (Male) |
| 2:47 | Create | Villager (Male) |
| 3:04 | Create | Villager (Male) |
| 3:05 | Create | Villager (Male) |
| 3:29 | Create | Villager (Male) |
| 3:51 | Build | House |
| 3:54 | Create | Villager (Male) |
| 3:54 | Create | Villager (Male) |
| 4:11 | Create | Villager (Male) |
| 4:12 | Create | Villager (Male) |
| 4:15 | Build | Palisade Wall |
| 4:17 | Build | Palisade Wall |
| 4:25 | Create | Villager (Male) |
| 4:25 | Create | Villager (Male) |
| 4:59 | Build | House |
| 5:12 | Build | Palisade Wall |
| 5:13 | Build | Palisade Wall |
| 5:14 | Build | Palisade Wall |
| 5:15 | Build | Palisade Wall |
| 5:26 | Build | Mill |
| 5:36 | Create | Villager (Male) |
| 5:42 | Build | Palisade Wall |
| 6:16 | Create | Villager (Male) |
| 6:50 | Create | Villager (Male) |
| 7:15 | Research | Loom |
| 7:26 | Build | Barracks |
| 7:29 | Build | Barracks |
| 7:43 | Create | Villager (Male) |
| 8:08 | Research | Feudal Age |
| 8:17 | Create | Villager (Male) |
| 8:17 | Create | Villager (Male) |
| 8:23 | Create | Villager (Male) |
| 8:35 | Build | House |
| 8:58 | Build | House |
| 9:22 | Create | Villager (Male) |
| 9:26 | Build | Palisade Wall |
| 9:29 | Build | Palisade Wall |
| 9:31 | Create | Villager (Male) |
| 9:42 | Build | Mining Camp |
| 9:45 | Research | Feudal Age |
| 9:53 | Build | Mill |
| 9:56 | Create | Villager (Male) |
| 9:59 | Create | Villager (Male) |
| 10:31 | Build | Palisade Wall |
| 10:32 | Build | Palisade Wall |
| 10:42 | Build | Palisade Wall |
| 10:44 | Build | Palisade Wall |
| 10:44 | Build | Palisade Wall |
| 10:47 | Build | Palisade Wall |
| 10:52 | Build | Palisade Wall |
| 10:53 | Build | Palisade Wall |
| 10:54 | Build | Palisade Wall |
| 10:55 | Build | Palisade Wall |
| 10:59 | Build | House |
| 11:02 | Create | Villager (Male) |
| 11:24 | Build | Farm |
| 11:25 | Build | Farm |
| 11:28 | Build | Farm |
| 11:50 | Build | Palisade Wall |
| 11:58 | Build | Palisade Wall |
| 12:02 | Build | Palisade Gate |
| 12:07 | Age | Feudal Age |
| 12:12 | Research | Double-Bit Axe |
| 12:19 | Build | Farm |
| 12:33 | Build | Farm |
| 12:46 | Build | Palisade Wall |
| 12:52 | Build | Farm |
| 13:12 | Research | Wheelbarrow |
| 13:12 | Research | Wheelbarrow |
| 13:17 | Build | Farm |
| 13:25 | Create | Spearman |
| 13:27 | Create | Villager (Male) |
| 13:47 | Build | House |
| 13:51 | Build | Palisade Wall |
| 13:59 | Create | Villager (Male) |
| 14:01 | Build | Archery Range |
| 14:41 | Build | Farm |
| 14:57 | Create | Archer |
| 15:00 | Create | Archer |
| 15:08 | Build | Blacksmith |
| 15:27 | Create | Villager (Male) |
| 15:29 | Build | Farm |
| 15:34 | Create | Villager (Male) |
| 15:35 | Build | Farm |
| 16:07 | Build | Farm |
| 16:10 | Build | Farm |
| 16:24 | Create | Villager (Male) |
| 16:46 | Build | Market |
| 17:02 | Build | Lumber Camp |
| 17:07 | Research | Castle Age |
| 17:14 | Build | House |
| 17:56 | Research | Fletching |
| 17:56 | Research | Fletching |
| 18:22 | Research | Horse Collar |
| 18:23 | Research | Horse Collar |
| 18:27 | Create | Villager (Male) |
| 18:28 | Build | Stable |
| 18:46 | Create | Villager (Male) |
| 18:46 | Create | Villager (Male) |
| 18:58 | Create | Archer |
| 19:16 | Create | Archer |
| 19:40 | Create | Archer |
| 19:47 | Age | Castle Age |
| 19:49 | Create | Villager (Male) |
| 19:52 | Build | Town Center |
| 19:52 | Create | Knight |
| 19:53 | Create | Knight |
| 20:03 | Research | Bow Saw |
| 20:37 | Create | Villager (Male) |
| 20:39 | Build | Palisade Wall |
| 20:41 | Create | Villager (Male) |
| 20:50 | Create | Villager (Male) |
| 20:54 | Create | Villager (Male) |
| 21:21 | Create | Villager (Male) |
| 21:22 | Create | Villager (Male) |
| 21:22 | Create | Villager (Male) |
| 21:23 | Create | Villager (Male) |
| 21:26 | Create | Scout Cavalry |
| 21:26 | Create | Scout Cavalry |
| 21:45 | Create | Villager (Male) |
| 22:04 | Create | Villager (Male) |
| 22:05 | Create | Villager (Male) |
| 22:06 | Build | House |
| 22:07 | Build | House |
| 22:24 | Research | Town Watch |
| 22:25 | Create | Villager (Male) |
| 22:27 | Create | Villager (Male) |
| 22:33 | Build | Town Center |
| 22:38 | Create | Archer |
| 22:43 | Create | Knight |
| 23:11 | Create | Villager (Male) |
| 23:13 | Create | Villager (Male) |
| 23:13 | Create | Villager (Male) |
| 23:16 | Build | Siege Workshop |
| 23:19 | Build | Farm |
| 23:21 | Build | Farm |
| 23:25 | Build | Farm |
Match timeline
| 4:15 | The_Fury · first_building Barracks |
| 4:15 | Hackali · wall_segment Palisade Wall x1 |
| 4:17 | Hackali · wall_segment Palisade Wall x1 |
| 5:12 | Hackali · wall_segment Palisade Wall x1 |
| 5:13 | Hackali · wall_segment Palisade Wall x2 |
| 5:14 | Hackali · wall_segment Palisade Wall x1 |
| 5:15 | Hackali · wall_segment Palisade Wall x1 |
| 5:42 | Hackali · wall_segment Palisade Wall x6 |
| 5:46 | The_Fury · wall_segment Palisade Wall x4 |
| 6:54 | The_Fury · wall_segment Palisade Wall x20 |
| 7:26 | Hackali · first_building Barracks |
| 8:34 | The_Fury · wall_segment Palisade Wall x9 |
| 9:26 | Hackali · wall_segment Palisade Wall x2 |
| 9:29 | Hackali · wall_segment Palisade Wall x4 |
| 10:31 | Hackali · wall_segment Palisade Wall x1 |
| 10:32 | Hackali · wall_segment Palisade Wall x1 |
| 10:42 | Hackali · wall_segment Palisade Wall x5 |
| 10:44 | Hackali · wall_segment Palisade Wall x1 |
| 10:44 | Hackali · wall_segment Palisade Wall x1 |
| 10:47 | Hackali · wall_segment Palisade Wall x9 |
| 10:52 | Hackali · wall_segment Palisade Wall x1 |
| 10:53 | Hackali · wall_segment Palisade Wall x1 |
| 10:54 | Hackali · wall_segment Palisade Wall x1 |
| 10:55 | Hackali · wall_segment Palisade Wall x1 |
| 11:20 | The_Fury · wall_segment Palisade Wall x1 |
| 11:23 | The_Fury · wall_segment Palisade Wall x9 |
| 11:50 | Hackali · wall_segment Palisade Wall x6 |
| 11:58 | Hackali · wall_segment Palisade Wall x1 |
| 12:07 | Hackali · age_up feudal |
| 12:46 | Hackali · wall_segment Palisade Wall x2 |
| 13:05 | The_Fury · age_up feudal |
| 13:11 | The_Fury · first_building Archery Range |
| 13:51 | Hackali · wall_segment Palisade Wall x1 |
| 14:01 | Hackali · first_building Archery Range |
| 14:45 | The_Fury · wall_segment Palisade Wall x1 |
| 18:28 | Hackali · first_building Stable |
| 18:49 | The_Fury · age_up castle |
| 18:51 | The_Fury · first_building Siege Workshop |
| 19:21 | The_Fury · first_market_buy 100 wood |
| 19:32 | The_Fury · first_building Monastery |
| 19:47 | Hackali · age_up castle |
| 20:23 | The_Fury · first_market_sell 100 food |
| 20:39 | Hackali · wall_segment Palisade Wall x1 |
| 22:05 | The_Fury · wall_segment Palisade Wall x1 |
| 22:10 | The_Fury · wall_segment Palisade Wall x1 |
| 23:16 | Hackali · first_building Siege Workshop |
| 23:47 | Hackali · first_market_buy 100 wood |
| 23:48 | Hackali · first_market_sell 100 wood |
| 24:45 | Hackali · first_building Castle |
| 27:20 | The_Fury · wall_segment Palisade Wall x2 |
| 30:06 | The_Fury · first_building Castle |
| 31:42 | Hackali · resign |
[ AI ANALYSIS · 1 CREDIT ]
What really happened in this match?
Wolo.gg analyzes every decision: build order, eco, micro, common mistakes by bracket. Personalized analysis on WhatsApp or Discord in 30 seconds.
Civ guide
Byzantines
Perfil
Jugador #8448734